 Dungeon Crawl Stone Soup version 0.27.1-33-g824d729ab1 (webtiles) character file.

Game seed: 1637667015850443602

3637 zeram the Whirler (level 9, -2/41 HPs)
             Began as a Spriggan Hunter on Dec 12, 2021.
             Was an Initiate of Gozag.
             Slain by a hornet (8 damage)
             ... while paralysed by a hornet
             ... on level 9 of the Dungeon.
             The game lasted 00:12:23 (9588 turns).

zeram the Whirler (Spriggan Hunter)                 Turns: 9588, Time: 00:12:24

Health: -2/41      AC:  5    Str:  8    XL:     9   Next: 87%
Magic:  19/19      EV:  4    Int: 16    God:    Gozag
Gold:   1028       SH:  0    Dex: 15    Spells: 1/8 levels left

rFire    + . .     SeeInvis +   l - +4 hunting sling of Hoisegi {freeze, rElec}
rCold    . . .     Faith    .   (shield restricted)
rNeg     . . .     Spirit   .   m - +2 robe {Will+}
rPois    .         Reflect  .   (helmet restricted)
rElec    +         Harm     .   j - +0 cloak
rCorr    .         Rampage  .   (gloves unavailable)
Will     ++...                  (boots unavailable)
Stlth    ++........             (no amulet)
HPRegen  0.13/turn              o - ring of magical power
MPRegen  0.16/turn              g - ring of protection from fire

@: paralysed, lethally poisoned (-2 -> -15), slowed, very quick
A: very small, no large weapons, unfitting armour, see invisible, speed 3
a: Renounce Religion, Potion Petition, Call Merchant, Bribe Branch


You were on level 9 of the Dungeon.
You worshipped Gozag.
Gozag was most pleased with you.
You visited 2 branches of the dungeon, and saw 10 of its levels.

You collected 1044 gold pieces.
You paid 16 gold pieces to Gozag.

Inventory:

Hand Weapons
 a - a +1 hunting sling
 b - a +0 short sword
 l - the +4 hunting sling of Hoisegi (weapon) {freeze, rElec}
   (You found it on level 4 of the Dungeon)

   Any ammunition fired from it freezes those it strikes, dealing additional
   cold damage.
   It can also slow down cold-blooded creatures.
   rElec:     It insulates you from electricity.
Missiles
 d - 69 sling bullets
 e - 130 stones (quivered ammo)
 A - 2 throwing nets
Armour
 c - a +1 robe
 j - a +0 cloak (worn)
 m - a +2 robe of willpower (worn)
Jewellery
 g - a ring of protection from fire (right hand)
 o - a ring of magical power (left hand)
 q - a ring of fire
Wands
 u - a wand of mindburst (13)
 x - a wand of digging (3)
 y - a wand of polymorph (12)
Scrolls
 f - 4 scrolls of fog
 k - 3 scrolls of amnesia
 p - a scroll of magic mapping
 s - 2 scrolls of blinking
 t - 3 scrolls of teleportation
Potions
 h - 2 potions of heal wounds
 i - 5 potions of curing
 n - 2 potions of attraction
 r - 2 potions of ambrosia {unknown}
 v - a potion of flight {unknown}
 w - a potion of mutation {unknown}
 z - 2 potions of brilliance {unknown}
 B - a potion of degeneration {unknown}
 C - a potion of invisibility {unknown}


   Skills:
 - Level 1.5 Fighting
 + Level 15.1 Slings
 * Level 8.5 Dodging
 - Level 1.5 Stealth


You had one spell level left.
You knew the following spells:

 Your Spells              Type           Power      Damage    Failure   Level
a - Vampiric Draining     Necr           0%         2d6       58%         3
b - Dispel Undead         Necr           0%         3d6       94%         4

Your spell library contained the following spells:

 Spells                   Type           Power      Damage    Failure   Level
 Animate Skeleton         Necr           0%         N/A       26%         1
 Pain                     Necr           0%         1d4       26%         1
 Summon Small Mammal      Summ           0%         N/A       26%         1
 Static Discharge         Conj/Air       0%         N/A       36%         2
 Call Canine Familiar     Summ           0%         N/A       58%         3
 Gell's Gravitas          Tloc           0%         N/A       58%         3
 Lesser Beckoning         Tloc           0%         N/A       58%         3
 Summon Guardian Golem    Hex/Summ       0%         N/A       58%         3
 Teleport Other           Tloc           0%         N/A       58%         3
 Animate Armour           Summ/Erth      0%         N/A       94%         4
 Leda's Liquefaction      Hex/Erth       0%         N/A       94%         4
 Sticky Flame             Conj/Fire      0%         2d3       94%         4
 Blade Hands              Tmut           0%         N/A       100%        5
 Bolt of Magma            Conj/Fire/Erth 0%         4d4       100%        5
 Iron Shot                Conj/Erth      0%         9d1       100%        6
 Statue Form              Tmut/Erth      0%         N/A       100%        6


Dungeon Overview and Level Annotations

Branches:
Dungeon (9/15)             Temple (1/1) D:6            Lair (0/6) D:9
    Orc (0/2) D:9

Altars:
Ashenzari
Cheibriados
Dithmenos
Elyvilon
Fedhas
Gozag
Hepliaklqana
Kikubaaqudgha
Makhleb
Nemelex Xobeh
Okawaru
Qazlal
Ru
Sif Muna
Trog
Uskayaw
Vehumet
Wu Jian
Xom
Yredelemnul
Zin
The Shining One

Shops:
D:3 (


Innate Abilities, Weirdness & Mutations

You are very small and have problems with some larger weapons.
You are too small for most types of armour.
You have supernaturally acute eyesight. (SInv)
You cover ground extremely quickly. (Speed+++)


Message History

You shoot a stone. The stone misses the hornet.
You feel very sick. The hornet misses you.
You shoot a stone. The stone closely misses the hornet.
You feel sick. The hornet closely misses you. x2
You shoot a stone. The stone completely misses the hornet.
You feel yourself speed up.
You feel sick. The hornet completely misses you.
You shoot a stone. The stone hits the hornet.
The stone freezes the hornet.
The hornet is heavily wounded.
You feel sick. The hornet closely misses you.
You shoot a stone. The stone closely misses the hornet.
You feel sick. The hornet closely misses you.
You shoot a stone. The stone hits the hornet.
The stone freezes the hornet.
The hornet is severely wounded.
The hornet misses you.
You shoot a stone. The stone closely misses the hornet.
You feel sick. The hornet misses you.
You shoot a stone. The stone closely misses the hornet.
You feel sick. The hornet closely misses you.
You shoot a stone. The stone barely misses the hornet.
You shoot a stone. The stone closely misses the hornet.
You feel sick.
The hornet stings you but does no damage.
You shoot a stone. The stone barely misses the hornet.
The hornet closely misses you.
You shoot a stone. The stone hits the hornet.
The stone freezes the hornet.
The hornet is severely wounded.
You feel sick.
You are no longer poisoned.
The hornet closely misses you.
You shoot a stone.
The stone hits the hornet but does no damage.
The hornet is severely wounded.
The hornet stings you!
You suddenly lose the ability to move!
The hornet stings you!
* * * LOW HITPOINT WARNING * * *
You are lethally poisoned!
You feel yourself slow down. The hornet stings you!
You die...
Your body crumbles into a pile of gold.

#.....#..................#....###
#.....#..................##'#+#..
#.....#.........................[
#.....#....................#'####
#.....+.............>......#.....
#.....+..........#########.#.....
#.....#.########.# #.#.....
##'####.# #.# #.'..... ........#
#@# #.#..... ........# #.yl(.((.
#>#..... ....>...# #.#.....(
#.###### ........# #.#.(...(
#.......
........########.#########.......
.................................
..............)........######....
.............))..).....# #....
###########......####### #....


You could see a hornet and a wyvern.

Vanquished Creatures
  Sigmund (D:3)
  3 yaks (D:9)
  2 water moccasins
  A sky beast (D:6)
  An orc warrior (D:8)
  An ice beast (D:8)
  A hornet zombie (D:6)
  2 necrophages
  An ogre (D:6)
  A centaur (D:7)
  2 phantoms
  5 bullfrogs
  A scorpion (D:6)
  A wyvern skeleton (D:7)
  8 killer bees
  7 wights
  3 howler monkeys
  A centaur zombie (D:8)
  2 centaur skeletons
  3 hounds
  2 gnoll shamans (D:9)
  An orc priest (D:7)
  An iguana (D:4)
  9 orc wizards
  A hound skeleton (D:5)
  A howler monkey zombie (D:9)
  12 gnolls
  A howler monkey skeleton (D:7)
  3 adders
  3 white imps
  A worm (D:3)
  4 dart slugs
  23 orcs
  9 endoplasms
  4 giant cockroaches
  6 goblins
  10 hobgoblins
  7 kobolds
  A quokka (D:2)
  6 ball pythons
  4 bats
  2 frilled lizards
  6 rats
164 creatures vanquished.

Notes
Turn   | Place    | Note
-------+----------+-------------------------------------------
     0 | D:1      | zeram the Spriggan Hunter began the quest for the Orb.
     0 | D:1      | Reached XP level 1. HP: 10/10 MP: 2/2
    92 | D:1      | Reached skill level 5 in Slings
   216 | D:1      | Reached XP level 2. HP: 14/14 MP: 3/3
   420 | D:1      | Found a faded altar of an unknown god.
   430 | D:1      | Reached skill level 6 in Slings
   460 | D:1      | Reached XP level 3. HP: 18/18 MP: 4/4
  1619 | D:2      | Reached XP level 4. HP: 7/22 MP: 5/5
  1942 | D:3      | Reached skill level 7 in Slings
  1943 | D:3      | Found Vineigh's Weapon Shop.
  2035 | D:3      | Noticed Sigmund
  2306 | D:3      | Killed Sigmund
  2307 | D:3      | Reached skill level 8 in Slings
  2307 | D:3      | Reached XP level 5. HP: 21/25 MP: 6/6
  2434 | D:3      | Found a large runed translucent door.
  2434 | D:3      | Found a large runed translucent door.
  2641 | D:3      | Found a white marble altar of Elyvilon.
  2655 | D:3      | Found an opulent altar of Gozag.
  2661 | D:3      | Became a worshipper of Gozag Ym Sagoz the Greedy
  2721 | D:4      | Noticed a phantom
  2729 | D:4      | Identified the +4 hunting sling of Hoisegi {freeze, rElec}
  2746 | D:4      | Killed a phantom
  2747 | D:4      | Reached XP level 6. HP: 30/30 MP: 7/7
  2953 | D:4      | Learned a level 3 spell: Vampiric Draining
  3212 | D:5      | Entered Level 5 of the Dungeon
  3215 | D:5      | Reached skill level 9 in Slings
  3458 | D:5      | Reached XP level 7. HP: 33/33 MP: 8/8
  3842 | D:5      | Reached skill level 10 in Slings
  4211 | D:6      | Found a staircase to the Ecumenical Temple.
  4253 | D:6      | Reached skill level 5 in Dodging
  4310 | D:6      | Reached skill level 11 in Slings
  4329 | D:6      | Reached XP level 8. HP: 16/37 MP: 9/9
  4939 | D:7      | Reached skill level 12 in Slings
  5413 | D:7      | Found a shimmering blue altar of Sif Muna.
  5704 | Temple   | Entered the Ecumenical Temple
  6074 | D:6      | Found a broken altar of Ashenzari.
  6348 | D:5      | Reached skill level 13 in Slings
  6399 | D:6      | Reached XP level 9. HP: 41/41 MP: 10/10
  7807 | D:8      | Reached skill level 14 in Slings
  8596 | D:9      | Found a staircase to the Lair.
  8774 | D:9      | Found a staircase to the Orcish Mines.
  9257 | D:9      | Learned a level 4 spell: Dispel Undead
  9391 | D:9      | Reached skill level 15 in Slings
  9587 | D:9      | Paralysed by a hornet for 1 turns
  9588 | D:9      | Slain by a hornet

Illustrated notes

Levels and vault maps discovered:
D:1:      dpeg_arrival_rhombi, layout_loops_ring,
          shapermc_ecumenical_altar_mp_vishouse, chequers_serial_rivers_room_a,
          minmay_pentomino_x2
D:2:      layout_loops_ring
D:3:      layout_rooms, jmf_multi_god_temple2, serial_shops, shop, uniq_sigmund
D:4:      layout_rooms, minmay_misc_feat_doors, minmay_misc_feat_rugged
D:5:      layout_basic
D:6:      layout_loops_cross, nicolae_ashenzari_panopticon,
          minmay_temple_entry_stoned_glass, minmay_misc_feat_tiny
D:7:      layout_loops_corners, lemuel_crystal_altar, grunt_decor_resistance
D:8:      layout_loops_corners, minmay_starry_boxes
D:9:      layout_irregular_city, lair_entry_dummy, orc_0_dummy
Temple:   eino_narrow_crystal_temple

Skill      XL: |  1  2  3  4  5  6  7  8  9 |
---------------+----------------------------+-----
Slings         | 5 6 8 9 11 13 15 | 15.1
Dodging        | 3 4 5 7 8 |  8.5
Fighting       | |  1.5
Stealth        | |  1.5

Action                   |  1- 3 |  4- 6 |  7- 9 || total
-------------------------+-------+-------+-------++-------
 Fire: Hunting sling     |   101 |   153 |   482 ||   736
  Use: Scroll            |     7 |     1 |     7 ||    15
       Potion            |       |       |     1 ||     1
Armor: Robe              |     8 |    10 |     9 ||    27
Dodge: Dodged            |    16 |    41 |    79 ||   136
